 Dungeon Crawl Stone Soup version 0.29.0-4-gdea44cf6ec (webtiles) character file.

Game seed: 15773843961946351308

431 ProzacElf the Chopper (level 6, -1/75 HPs)
             Began as a Palentonga Berserker on Aug 27, 2022.
             Was a Believer of Trog.
             Slain by a kobold
             ... wielding a +0 dagger of venom
              (3 damage)
             ... on level 4 of the Dungeon.
             The game lasted 00:05:58 (3253 turns).

ProzacElf the Chopper (Palentonga Berserker)        Turns: 3253, Time: 00:05:58

Health: -1/75      AC:  8    Str: 23    XL:     6   Next: 66%
Magic:  6/6        EV:  7    Int:  7    God:    Trog [**....]
Gold:   170        SH:  0    Dex: 11    Spells: 5/5 levels left

rFire   . . .      SeeInvis +   a - +0 hand axe
rCold   . . .      Faith    .   (no shield)
rNeg    . . .      Spirit   .   o - +0 chain mail
rPois   .          Reflect  .   (no helmet)
rElec   .          Harm     .   c - +0 cloak
rCorr   +          Rampage  .   (no gloves)
Will    +....                   (no barding)
Stlth   ..........              (no amulet)
HPRegen 0.22/turn               d - ring of willpower
MPRegen 0.10/turn               k - ring of resist corrosion

@: berserking (expiring), lethally poisoned (-1 -> -3), very quick
A: large, rugged brown scales 3, see invisible, deformed body, roll 1, armoured
tail
a: Rolling Charge, Renounce Religion, Berserk, Trog's Hand


You were on level 4 of the Dungeon.
You worshipped Trog.
Trog was pleased with you.
You visited 1 branch of the dungeon, and saw 4 of its levels.

You collected 170 gold pieces.

Inventory:

Hand Weapons
 a - a +0 hand axe (weapon)
 h - a +0 flail
 t - a +0 morningstar
Armour
 b - a +0 animal skin
 c - a +0 cloak (worn)
 o - a +0 chain mail (worn)
Jewellery
 d - a ring of willpower (left hand)
 k - a ring of resist corrosion (right hand)
Wands
 n - a wand of light (7)
Scrolls
 e - a scroll of vulnerability {unknown}
 f - 3 scrolls of teleportation {unknown}
 g - a scroll of acquirement {unknown}
 i - 3 scrolls of fear {unknown}
 j - 5 scrolls of identify {unknown}
 p - 3 scrolls of poison {unknown}
 q - a scroll of brand weapon {unknown}
 r - a scroll of summoning {unknown}
 s - a scroll of amnesia {unknown}
 u - a scroll of torment {unknown}
 w - a scroll of enchant armour {unknown}
Potions
 l - a potion of curing {unknown}
 m - a potion of haste {unknown}
 v - a potion of mutation {unknown}


   Skills:
 - Level 3.0 Fighting
 + Level 5.7 Axes
 - Level 1.5 Armour
 + Level 4.3 Dodging


You had 5 spell levels left.
You didn't know any spells.
Your spell library was empty.

Dungeon Overview and Level Annotations

Branches:
Dungeon (4/15)             Temple (0/1) D:4

Altars:
Makhleb


Innate Abilities, Weirdness & Mutations

You are completely covered in rugged brown scales. (AC +3, +7% HP)
You have supernaturally acute eyesight. (SInv)
Armour fits poorly on your strangely shaped body.
You can roll at nearby foes to attack.
You have a long armoured tail.


Message History

Ye closely miss tha iguana.
Yer tail-slap misses tha iguana.
Tha iguana be severely wounded.
Tha iguana bites ye!
* * * LOW HITPOINT WARNIN'
* * * Ye take 9 damage, an' haf 8/50 hp.
A red film seems ta co'er yer vision as ye go berserk!
Ye feel yerself movin' faster!
Ye feel mighty!
Tha iguana bites ye.
* * * LOW HITPOINT WARNIN'
* * * Ye now haf 11/75hp.
Ye slash tha iguana!
Ye kill tha iguana!
Trog accepts yer kill.
Ye miss tha adder.
Yer tail-slap misses tha adder.
Tha adder bites ye.
* * * LOW HITPOINT WARNIN'
* * * A goblin comes inta view.
It be wieldin' a +0 club.
Ye take 2 damage, an' haf 9/75 hp.
Ye miss tha adder.
Tha adder bites ye.
* * * LOW HITPOINT WARNIN'
* * * Ye be poison'd.
Tha adder poisons ye!
Ye take 2 damage, an' haf 7/75 hp.
Ye slash tha adder!
Ye kill tha adder!
Trog accepts yer kill.
* * * LOW HITPOINT WARNIN'
* * * Ye feel sick.
Tha kobold throws a stone.
Tha stone hits ye.
* * * LOW HITPOINT WARNIN'
* * * Ye take 3 damage, an' haf 4/75 hp.
Tha kobold throws a stone.
Tha stone hits ye but does nay damage.
Ye feel a strong urge ta attack somethin'.
* * * LOW HITPOINT WARNIN'
* * * Ye feel sick.
Thin's tha be 'ere: an adder corpse; an iguana corpse Ye take 1 damage, an' haf 3/75 hp.
Ye barely miss tha kobold.
* * * LOW HITPOINT WARNIN'
* * * Ye feel sick.
Tha kobold hits ye wit' a +0 dagger o' venom.
Ye die...

...........
#..........
#.........#
...§.....# #..§.g...#
### #.§......# ###.##
######........#
.....##
#....##†..###.#
#.....##### #..@K..#
..........####.####.#
#.....##.##....# ...
##...###.##.##.# #
.##. ##.##
#.##.##.... . # ###
#........... .
#.##.##>####..
#.##.##.# # #.##.##.#


You could see a goblin and a kobold.

Vanquished Creatures
  Sigmund (D:2)
  A scorpion (D:4)
  An iguana (D:4)
  Jessica (D:3)
  Ijyb (D:3)
  Terence (D:3)
  4 adders
  An ufetubus (D:4)
  4 dart slugs
  7 orcs
  4 endoplasms
  2 giant cockroaches (D:2)
  4 goblins
  9 hobgoblins
  6 kobolds
  A quokka (D:2)
  5 ball pythons
  2 bats
  5 frilled lizards
  A rat (D:3)
61 creatures vanquished.

Notes
Turn   | Place    | Note
-------+----------+-------------------------------------------
     0 | D:1      | ProzacElf the Palentonga Berserker began the quest for the
                  | Orb.
     0 | D:1      | Reached XP level 1. HP: 19/19 MP: 1/1
   202 | D:1      | Reached XP level 2. HP: 14/25 MP: 2/2
  1045 | D:2      | Noticed Sigmund
  1179 | D:2      | Killed Sigmund
  1180 | D:2      | Reached skill level 4 in Axes
  1180 | D:2      | Reached XP level 3. HP: 31/31 MP: 3/3
  1180 | D:2      | Reached XP level 4. HP: 37/37 MP: 4/4
  1180 | D:2      | Reached XP level 5. HP: 43/43 MP: 5/5
  1214 | D:2      | Reached ** piety under Trog
  1561 | D:2      | Reached skill level 5 in Axes
  2137 | D:3      | Noticed Ijyb
  2149 | D:3      | Killed Ijyb
  2401 | D:3      | Found a faded altar of an unknown god.
  2504 | D:3      | Found a burning altar of Makhleb.
  2542 | D:3      | Reached XP level 6. HP: 49/50 MP: 6/6
  2628 | D:3      | Noticed Jessica
  2637 | D:3      | Killed Jessica
  2825 | D:3      | Noticed Terence
  2840 | D:3      | Killed Terence
  3225 | D:4      | Found a staircase to the Ecumenical Temple.
  3252 | D:4      | HP: 3/75 [poisoned by an adder]
  3253 | D:4      | Slain by a kobold

Illustrated notes

Levels and vault maps discovered:
D:1:      nicolae_arrival_memento_mori, layout_rooms, serial_rivers,
          chequers_serial_rivers_small_3, chequers_serial_rivers_room_b,
          chequers_serial_rivers_large_a, chequers_serial_rivers_micro_e,
          chequers_serial_rivers_small_3, chequers_serial_rivers_room_a,
          nicolae_concentric_dashed_squares_mild, reono_crystal_passage
D:2:      layout_basic, minmay_pentomino_t2, uniq_sigmund
D:3:      layout_loops_ring, old_standard_altar,
          ebering_ecumenical_altar_petrified, uniq_ijyb, uniq_terence,
          uniq_jessica
D:4:      layout_loops_cross, lemuel_blue_sif_altar,
          mainiacjoe_overflow_brackets, minmay_temple_entry_purple_smoke,
          serial_shops, shop, portal_sewer_entry_d

Skill      XL: |  1  2  3  4  5  6 |
---------------+-------------------+-----
Dodging        | 2 3 4 |  4.3
Axes           | 4 5 |  5.7
Fighting       | |  3.0
Armour         | |  1.5

Action                   |  1- 3 |  4- 6 || total
-------------------------+-------+-------++-------
Melee: Hand axe          |    50 |   142 ||   192
       Tailslap          |     7 |    21 ||    28
       Punch             |       |     1 ||     1
Invok: Berserk           |       |     1 ||     1
 Abil: Rolling Charge    |     1 |     2 ||     3
Armor: Animal skin       |    24 |    24 ||    48
       Chain mail        |       |    34 ||    34
Dodge: Dodged            |    20 |    63 ||    83
